| TOP OF THE 1ST |
|
Cleveland Guardians batting - Pitching for Chicago Cubs : RHP Edwin Rivera
|
|
Pitching: RHP Edwin Rivera
|
|
|
Batting: LHB John Harring
|
0-0: Called Strike 0-1: Foul Ball, location: 2F 0-2: Fly out, F9 (Line Drive, 89D, EV 98.8 MPH)
|
|
Batting: RHB Christian Blue
|
0-0: Ball 1-0: Ball 2-0: DOUBLE (Line Drive, 89XD, EV 105.0 MPH)
|
|
Batting: LHB Arvin Dungca
|
0-0: Ball 1-0: Called Strike 1-1: Foul Ball, location: 2F 1-2: Ball 2-2: Ball 3-2: Ground out 5-3 (Groundball, 25, EV 85.0 MPH)
|
|
Batting: LHB Danny Dunham
|
0-0: Hit by Pitch
|
|
Batting: RHB Nick Sharp
|
0-0: Foul Ball, location: 2F 0-1: Ball 1-1: Swinging Strike 1-2: Strikes out swinging
|
| Top of the 1st over - 0 runs, 1 hit, 0 errors, 2 left on base; Cleveland 0 - Chicago 0 |
| BOTTOM OF THE 1ST |
|
Chicago Cubs batting - Pitching for Cleveland Guardians : RHP Risto Pandev
|
|
Pitching: RHP Risto Pandev
|
|
|
Batting: SHB Moe Lester
|
0-0: Called Strike 0-1: Foul Ball, location: 2F 0-2: Ball 1-2: Strikes out swinging
|
|
Batting: RHB Yasuhide Kasahara
|
0-0: Called Strike 0-1: Called Strike 0-2: Ball 1-2: Ground out 1-3 (Groundball, P, EV 71.9 MPH)
|
|
Batting: RHB Efrain Vargas
|
0-0: Ball 1-0: Foul Ball, location: 2F 1-1: Ball 2-1: Swinging Strike 2-2: Foul Ball, location: 2F 2-2: Ball 3-2: Fly out, F8 (Flyball, 8RS, EV 90.6 MPH)
|
| Bottom of the 1st over - 0 runs, 0 hits, 0 errors, 0 left on base; Cleveland 0 - Chicago 0 |
| TOP OF THE 2ND |
|
Cleveland Guardians batting - Pitching for Chicago Cubs : RHP Edwin Rivera
|
|
Batting: SHB Pete Barutha
|
0-0: SINGLE (Line Drive, 7S, EV 99.4 MPH)
|
|
Batting: RHB Jasper Burd
|
0-0: Ball 1-0: Called Strike 1-1: Fly out, F7 (Flyball, 7, EV 91.9 MPH)
|
|
Batting: LHB Hector Pedroso
|
0-0: Called Strike 0-1: Fly out, F9 (Line Drive, 9S, EV 93.8 MPH)
|
|
Batting: RHB Aaron Matthews
|
0-0: Called Strike Pete Barutha is caught stealing 2nd base 2-4
|
| Top of the 2nd over - 0 runs, 1 hit, 0 errors, 0 left on base; Cleveland 0 - Chicago 0 |
| BOTTOM OF THE 2ND |
|
Chicago Cubs batting - Pitching for Cleveland Guardians : RHP Risto Pandev
|
|
Batting: RHB Jose Balderrama
|
0-0: Called Strike 0-1: Ball 1-1: Ground out 6-3 (Groundball, 6, EV 98.8 MPH)
|
|
Batting: LHB Kevin Norton
|
0-0: Swinging Strike 0-1: Ball 1-1: Called Strike 1-2: Foul Ball, location: 2F 1-2: Strikes out swinging
|
|
Batting: RHB Alan Oxenrider
|
0-0: Ball 1-0: Ground out 5-3 (Groundball, 56S, EV 86.2 MPH)
|
| Bottom of the 2nd over - 0 runs, 0 hits, 0 errors, 0 left on base; Cleveland 0 - Chicago 0 |
| TOP OF THE 3RD |
|
Cleveland Guardians batting - Pitching for Chicago Cubs : RHP Edwin Rivera
|
|
Batting: RHB Aaron Matthews
|
0-0: Fly out, F7 (Line Drive, 7, EV 90.0 MPH)
|
|
Batting: LHB John Harring
|
0-0: Called Strike 0-1: Ball 1-1: Ground out 4-3 (Groundball, 4S, EV 80.6 MPH)
|
|
Batting: RHB Christian Blue
|
0-0: Fly out, F8 (Flyball, 8LD, EV 105.6 MPH)
|
| Top of the 3rd over - 0 runs, 0 hits, 0 errors, 0 left on base; Cleveland 0 - Chicago 0 |
| BOTTOM OF THE 3RD |
|
Chicago Cubs batting - Pitching for Cleveland Guardians : RHP Risto Pandev
|
|
Batting: RHB Steve Bartman Jr.
|
0-0: Ball 1-0: Ball 2-0: Ball 3-0: Base on Balls
|
|
Batting: LHB Andy Arbuckle
|
0-0: Ball 1-0: Called Strike 1-1: Ball 2-1: Ball Wild Pitch! Steve Bartman Jr. to second 3-1: Foul Ball, location: 2F 3-2: Strikes out swinging
|
|
Batting: RHB Heef Harted
|
0-0: Ball 1-0: Called Strike 1-1: Foul Ball, location: 2F 1-2: Foul Ball, location: 2F 1-2: Strikes out swinging
|
|
Batting: SHB Moe Lester
|
0-0: Ball 1-0: Foul Ball, location: 2F 1-1: Ball 2-1: Foul Ball, location: 2F 2-2: Strikes out looking
|
| Bottom of the 3rd over - 0 runs, 0 hits, 0 errors, 1 left on base; Cleveland 0 - Chicago 0 |
| TOP OF THE 4TH |
|
Cleveland Guardians batting - Pitching for Chicago Cubs : RHP Edwin Rivera
|
|
Batting: LHB Arvin Dungca
|
0-0: Called Strike 0-1: Ball 1-1: Foul Ball, location: 2F 1-2: DOUBLE (Flyball, 8RXD, EV 108.8 MPH)
|
|
Batting: LHB Danny Dunham
|
0-0: Ball 1-0: Foul Ball, location: 2F 1-1: Foul Ball, location: 2F 1-2: Strikes out swinging
|
|
Batting: RHB Nick Sharp
|
0-0: Ball 1-0: Ball 2-0: Ball 3-0: Foul Ball, location: 2F 3-1: Fly out, F8 (Flyball, 89XD, EV 96.2 MPH) Runner from 2nd tags up, SAFE at 3rd, no throw by CF
|
|
Batting: SHB Pete Barutha
|
0-0: Ball 1-0: Ball 2-0: Ball 3-0: Base on Balls
|
|
Batting: RHB Jasper Burd
|
0-0: Ball 1-0: Ball 2-0: Fly out, F3 (Popup, 3F, EV 63.8 MPH)
|
| Top of the 4th over - 0 runs, 1 hit, 0 errors, 2 left on base; Cleveland 0 - Chicago 0 |
| BOTTOM OF THE 4TH |
|
Chicago Cubs batting - Pitching for Cleveland Guardians : RHP Risto Pandev
|
|
Batting: RHB Yasuhide Kasahara
|
0-0: Ball 1-0: Called Strike 1-1: Ball 2-1: Ball 3-1: Called Strike 3-2: Base on Balls
|
|
Batting: RHB Efrain Vargas
|
0-0: Ball 1-0: Called Strike 1-1: Foul Ball, location: 2F 1-2: Foul Ball, location: 2F 1-2: Ball 2-2: SINGLE (Line Drive, 9S, EV 109.4 MPH) Yasuhide Kasahara to second Runner from 2nd tries for 3rd, SAFE, throw by RF made to third
|
|
Batting: RHB Jose Balderrama
|
0-0: Ball 1-0: Ball 2-0: Called Strike 2-1: Foul Ball, location: 2F 2-2: Ball 3-2: Strikes out swinging
|
|
Batting: LHB Kevin Norton
|
0-0: Called Strike 0-1: Swinging Strike 0-2: Strikes out looking
|
|
Batting: RHB Alan Oxenrider
|
0-0: Called Strike 0-1: Ball 1-1: Called Strike 1-2: Ball 2-2: 3-RUN HOME RUN (Flyball, 78XD, EV 105.0 MPH), Distance : 405 ft
|
|
Batting: RHB Steve Bartman Jr.
|
0-0: Ground out U3 (Groundball, 34S, EV 86.9 MPH)
|
| Bottom of the 4th over - 3 runs, 2 hits, 0 errors, 0 left on base; Cleveland 0 - Chicago 3 |
| TOP OF THE 5TH |
|
Cleveland Guardians batting - Pitching for Chicago Cubs : RHP Edwin Rivera
|
|
Batting: LHB Hector Pedroso
|
0-0: Foul Ball, location: 2F 0-1: Ball 1-1: Foul Ball, location: 2F 1-2: Foul Ball, location: 2F 1-2: Ball 2-2: SOLO HOME RUN (Flyball, 89XD, EV 101.2 MPH), Distance : 393 ft
|
|
Batting: RHB Aaron Matthews
|
0-0: Ball 1-0: Ground out 6-3 (Groundball, 6, EV 104.4 MPH)
|
|
Batting: LHB John Harring
|
0-0: Foul Ball, location: 2F 0-1: Ground out 6-3 (Groundball, 6MD, EV 84.4 MPH)
|
|
Batting: RHB Christian Blue
|
0-0: Ball 1-0: Called Strike 1-1: Ball 2-1: Called Strike 2-2: DOUBLE (Groundball, 3L, EV 106.9 MPH)
|
|
Batting: LHB Arvin Dungca
|
0-0: Ball 1-0: Foul Ball, location: 2F 1-1: Ball 2-1: Foul Ball, location: 2F 2-2: Ball 3-2: Foul Ball, location: 2F 3-2: Base on Balls
|
|
Batting: LHB Danny Dunham
|
0-0: Called Strike 0-1: Ball 1-1: Ground out 2-3 (Groundball, 13S, EV 71.2 MPH)
|
| Top of the 5th over - 1 run, 2 hits, 0 errors, 2 left on base; Cleveland 1 - Chicago 3 |
| BOTTOM OF THE 5TH |
|
Chicago Cubs batting - Pitching for Cleveland Guardians : RHP Risto Pandev
|
|
Batting: LHB Andy Arbuckle
|
0-0: Called Strike 0-1: Ground out U3 (Groundball, 3L, EV 88.8 MPH)
|
|
Batting: RHB Heef Harted
|
0-0: Called Strike 0-1: Swinging Strike 0-2: Ball 1-2: Ball 2-2: Strikes out swinging
|
|
Batting: SHB Moe Lester
|
0-0: Ball 1-0: Called Strike 1-1: Foul Ball, location: 2F 1-2: Ball 2-2: Ball 3-2: Fly out, F9 (Flyball, 9, EV 80.0 MPH)
|
| Bottom of the 5th over - 0 runs, 0 hits, 0 errors, 0 left on base; Cleveland 1 - Chicago 3 |
| TOP OF THE 6TH |
|
Cleveland Guardians batting - Pitching for Chicago Cubs : RHP Edwin Rivera
|
|
Batting: RHB Nick Sharp
|
0-0: Foul Ball, location: 2F 0-1: Ball 1-1: Foul Ball, location: 2F 1-2: Ball 2-2: Foul Ball, location: 2F 2-2: Ball 3-2: Foul Ball, location: 2F 3-2: Base on Balls
|
|
Batting: SHB Pete Barutha
|
0-0: SINGLE (Flyball, 34D, EV 88.8 MPH) Nick Sharp to second
|
|
Batting: RHB Jasper Burd
|
0-0: Ball 1-0: Ball 2-0: Called Strike 2-1: Ball 3-1: Base on Balls Nick Sharp to third Pete Barutha to second
|
|
Batting: LHB Hector Pedroso
|
0-0: Called Strike 0-1: Foul Ball, location: 2F 0-2: Strikes out looking
|
|
Batting: RHB Aaron Matthews
|
0-0: Swinging Strike 0-1: Called Strike 0-2: Foul Ball, location: 2F 0-2: Ball 1-2: Ball 2-2: Foul Ball, location: 2F 2-2: Fly out, F9 (Flyball, 9LMF, EV 107.5 MPH) Runner from 3rd tags up, SCORES, no throw by RF
|
|
Batting: LHB John Harring
|
0-0: Foul Ball, location: 2F 0-1: Called Strike 0-2: Ball 1-2: Ball 2-2: Strikes out swinging
|
| Top of the 6th over - 1 run, 1 hit, 0 errors, 2 left on base; Cleveland 2 - Chicago 3 |
| BOTTOM OF THE 6TH |
|
Chicago Cubs batting - Pitching for Cleveland Guardians : RHP Risto Pandev
|
|
Batting: RHB Yasuhide Kasahara
|
0-0: Ball 1-0: Called Strike 1-1: Ball 2-1: Ground out 3-1 (Groundball, 34, EV 83.8 MPH)
|
|
Batting: RHB Efrain Vargas
|
0-0: SINGLE (Line Drive, 7S, EV 89.4 MPH)
|
|
Batting: RHB Jose Balderrama
|
0-0: Ball 1-0: Ball 2-0: Ball 3-0: Called Strike 3-1: Called Strike 3-2: Base on Balls Efrain Vargas to second
|
|
Batting: LHB Kevin Norton
|
0-0: Ball 1-0: Swinging Strike 1-1: Ball 2-1: SINGLE (Line Drive, 89S, EV 94.4 MPH) Efrain Vargas to third Jose Balderrama to second
|
|
Batting: RHB Alan Oxenrider
|
0-0: Ball 1-0: Foul Ball, location: 2F 1-1: Fly out, F7 (Flyball, 7S, EV 95.0 MPH)
|
|
Pitching: RHP Fomio Tashima
|
|
|
Batting: RHB Steve Bartman Jr.
|
0-0: Fielders Choice at 2nd, 5-4 (Groundball, 5, EV 101.2 MPH)
|
| Bottom of the 6th over - 0 runs, 2 hits, 0 errors, 3 left on base; Cleveland 2 - Chicago 3 |
| TOP OF THE 7TH |
|
Cleveland Guardians batting - Pitching for Chicago Cubs : RHP Edwin Rivera
|
|
Pitching: LHP Mike Alexander
|
|
|
Batting: RHB Christian Blue
|
0-0: Called Strike 0-1: Called Strike 0-2: Strikes out swinging
|
|
Batting: LHB Arvin Dungca
|
0-0: Called Strike 0-1: Foul Ball, location: 2F 0-2: Foul Ball, location: 2F 0-2: Hit by Pitch
|
|
Batting: RHB Danny Eberhart
|
0-0: Ball 1-0: Foul Ball, location: 2F 1-1: Grounds into double play, 5-4-3 (Groundball, 56S, EV 85.6 MPH)
|
| Top of the 7th over - 0 runs, 0 hits, 0 errors, 0 left on base; Cleveland 2 - Chicago 3 |
| BOTTOM OF THE 7TH |
|
Chicago Cubs batting - Pitching for Cleveland Guardians : RHP Fomio Tashima
|
|
Batting: LHB Andy Arbuckle
|
0-0: Swinging Strike 0-1: Swinging Strike 0-2: Strikes out swinging
|
|
Batting: RHB Heef Harted
|
0-0: Called Strike 0-1: SINGLE (Groundball, 6MS, EV 69.4 MPH) (infield hit)
|
|
Batting: SHB Moe Lester
|
0-0: Ball 1-0: Called Strike Heef Harted is caught stealing 2nd base 2-6 1-1: Ball 2-1: Ball 3-1: Swinging Strike 3-2: Base on Balls
|
|
Batting: RHB Yasuhide Kasahara
|
0-0: Swinging Strike 0-1: Called Strike Moe Lester steals 2nd base 0-2: SINGLE (Line Drive, 9S, EV 105.6 MPH) Moe Lester to third Runner from 3rd tries for Home, SAFE, throw by RF to home
|
|
Batting: RHB Efrain Vargas
|
0-0: Foul Ball, location: 2F 0-1: Ball 1-1: Called Strike 1-2: Ball Yasuhide Kasahara steals 2nd base 2-2: Fly out, F5 (Popup, 25F, EV 90.0 MPH)
|
| Bottom of the 7th over - 1 run, 2 hits, 0 errors, 1 left on base; Cleveland 2 - Chicago 4 |
| TOP OF THE 8TH |
|
Cleveland Guardians batting - Pitching for Chicago Cubs : LHP Mike Alexander
|
|
Batting: RHB Nick Sharp
|
0-0: Called Strike 0-1: Foul Ball, location: 2F 0-2: Ball 1-2: Ball 2-2: Foul Ball, location: 2F 2-2: Ball 3-2: DOUBLE (Flyball, 89D, EV 90.0 MPH)
|
|
Batting: SHB Pete Barutha
|
0-0: Ball 1-0: Foul Ball, location: 2F 1-1: Foul Ball, location: 2F 1-2: Foul Ball, location: 2F 1-2: Ball 2-2: Foul Ball, location: 2F 2-2: Strikes out swinging
|
|
Batting: RHB Jasper Burd
|
0-0: Called Strike 0-1: Ball 1-1: Ball 2-1: Ball 3-1: Fly out, F8 (Flyball, 78M, EV 81.9 MPH)
|
|
Pinch Hitting: RHB Rick O'Reilly
|
0-0: Ball 1-0: SINGLE (Line Drive, 6MD, EV 98.8 MPH) Nick Sharp to third Runner from 3rd tries for Home, throw by CF and OUT! 8-2
|
| Top of the 8th over - 0 runs, 2 hits, 0 errors, 1 left on base; Cleveland 2 - Chicago 4 |
| BOTTOM OF THE 8TH |
|
Chicago Cubs batting - Pitching for Cleveland Guardians : RHP Fomio Tashima
|
|
Now in RF: Rick O'Reilly
|
|
|
Batting: RHB Jose Balderrama
|
0-0: Ball 1-0: Ball 2-0: Foul Ball, location: 2F 2-1: Foul Ball, location: 2F 2-2: Foul Ball, location: 2F 2-2: Foul Ball, location: 2F 2-2: Strikes out swinging
|
|
Batting: LHB Kevin Norton
|
0-0: Swinging Strike 0-1: Ball 1-1: Swinging Strike 1-2: Strikes out looking
|
|
Batting: RHB Alan Oxenrider
|
0-0: Ball 1-0: Foul Ball, location: 2F 1-1: Foul Ball, location: 2F 1-2: Foul Ball, location: 2F 1-2: Fly out, F8 (Flyball, 8RD, EV 100.0 MPH)
|
| Bottom of the 8th over - 0 runs, 0 hits, 0 errors, 0 left on base; Cleveland 2 - Chicago 4 |
| TOP OF THE 9TH |
|
Cleveland Guardians batting - Pitching for Chicago Cubs : LHP Mike Alexander
|
|
Pitching: LHP George Poirier
|
|
|
Batting: RHB Aaron Matthews
|
0-0: Called Strike 0-1: Ball 1-1: Called Strike 1-2: Ground out 6-3 (Groundball, 6, EV 80.6 MPH)
|
|
Pinch Hitting: SHB Katsumi Omura
|
0-0: Called Strike 0-1: Swinging Strike 0-2: Ground out 6-3 (Groundball, 6M, EV 97.5 MPH)
|
|
Batting: RHB Christian Blue
|
0-0: Ball 1-0: Fly out, F2 (Popup, 25F, EV 90.6 MPH)
|
| Top of the 9th over - 0 runs, 0 hits, 0 errors, 0 left on base; Cleveland 2 - Chicago 4 |
|